 Dungeon Crawl Stone Soup version 0.28.0-47-ge53b351184 (webtiles) character file.

Game seed: 6719755169438515769

65 DildoBatman the Conjurer (level 4, 0/30 HPs)
             Began as a Formicid Conjurer on May 7, 2022.
             Slain by a frilled lizard (2 damage)
             ... on level 2 of the Dungeon.
             The game lasted 00:03:41 (1421 turns).

DildoBatman the Conjurer (Formicid Conjurer)        Turns: 1421, Time: 00:03:41

Health: 0/30       AC:  3    Str: 12    XL:     4   Next: 35%
Magic:  7/7        EV: 12    Int: 17    God:
Gold:   46         SH:  0    Dex: 11    Spells: 4/7 levels left

rFire   . . .      SeeInvis +   a - +0 long sword
rCold   . . .      Faith    .   (no shield)
rNeg    . . .      Spirit   .   l - +0 robe
rPois   .          Reflect  .   (helmet unavailable)
rElec   .          Harm     .   e - +0 cloak
rCorr   .          Rampage  .   (no gloves)
Will    .....                   (no boots)
Stlth   ++........              (no amulet)
HPRegen 0.10/turn               (no ring)
MPRegen 0.10/turn               (no ring)

@: no status effects
A: permanent stasis, dig shafts and tunnels, antennae 3, four strong arms
a: Dig, Shaft Self


You were on level 2 of the Dungeon.
You visited 1 branch of the dungeon, and saw 2 of its levels.

You collected 46 gold pieces.

Inventory:

Hand Weapons
 a - a +0 long sword (weapon)
 b - a +0 spear
 i - a +0 war axe of freezing
Missiles
 c - 17 arrows
 g - 82 stones
Armour
 e - a +0 cloak (worn)
 j - a +2 ring mail of positive energy
 l - a +0 robe (worn)
Scrolls
 h - a scroll of identify {unknown}
Potions
 d - a potion of invisibility {unknown}
 f - a potion of heal wounds {unknown}
 k - 2 potions of might {unknown}
 m - a potion of resistance {unknown}


   Skills:
 - Level 1.7 Dodging
 - Level 2.4 Stealth
 - Level 2.1 Spellcasting
 * Level 5.1 Conjurations


You had 4 spell levels left.
You knew the following spells:

 Your Spells              Type           Power      Damage    Failure   Level
a - Searing Ray           Conj           38%        2d5       3%          2
c - Magic Dart            Conj           76%        1d6       2%          1

Your spell library contained the following spells:

 Spells                   Type           Power      Damage    Failure   Level
 Dazzling Flash           Conj/Hex       20%        N/A       21%         3
 Fulminant Prism          Conj/Hex       5%         3d7       54%         4
 Iskenderun's Mystic Bla  Conj/Tloc      10%        2d4       54%         4


Dungeon Overview and Level Annotations

Branches:
Dungeon (2/15)

Altars:


Innate Abilities, Weirdness & Mutations

You cannot be hasted, slowed, berserked, paralysed or teleported.
You can dig through walls and to a lower floor.
You have a pair of large antennae on your head. (SInv)
Your four strong arms can wield two-handed weapons with a shield.


Message History

t - Shout!
Orders for allies: a - Attack new target. r - Retreat! s - Stop attacking. g - Guard the area. f - Follow me.
Anything else - Cancel.
You shout for attention!
The frilled lizard bites you. What are your orders? t - Shout!
Orders for allies: a - Attack new target. r - Retreat! s - Stop attacking. g - Guard the area. f - Follow me.
Anything else - Cancel.
You shout for attention!
The frilled lizard barely misses you. What are your orders? t - Shout!
Orders for allies: a - Attack new target. r - Retreat! s - Stop attacking. g - Guard the area. f - Follow me.
Anything else - Cancel.
You shout for attention!
The frilled lizard closely misses you. What are your orders? t - Shout!
Orders for allies: a - Attack new target. r - Retreat! s - Stop attacking. g - Guard the area. f - Follow me.
Anything else - Cancel.
You shout for attention!
The frilled lizard misses you. What are your orders? t - Shout!
Orders for allies: a - Attack new target. r - Retreat! s - Stop attacking. g - Guard the area. f - Follow me.
Anything else - Cancel.
You shout for attention!
The frilled lizard bites you.
You die...

................##...
#.######......##......
#.....<..####.#####...
#..####### #....###.#
# ####.# #.# #. # #.#
###..#### # #.#
......l.# #. ##.# #@#
####.##..#
##.#####...........
#........####......
#..####### ####.##
.##..# #.## ###.##..#
#######.## #..>##..#
#......... # #.#.##..#
#.#####...
#.##.#.##..# ####


You could see a frilled lizard.

Vanquished Creatures
  2 adders (D:2)
  3 worms (D:2)
  A dart slug (D:1)
  5 ball pythons
  3 endoplasms
  A giant cockroach (D:2)
  4 goblins (D:1)
  2 hobgoblins (D:2)
  3 jackals (D:1)
  5 kobolds
  2 bats
  2 frilled lizards (D:1)
  A rat (D:1)
34 creatures vanquished.

Notes
Turn   | Place    | Note
-------+----------+-------------------------------------------
     0 | D:1      | DildoBatman the Formicid Conjurer began the quest for the
                  | Orb.
     0 | D:1      | Reached XP level 1. HP: 13/13 MP: 3/3
   193 | D:1      | Reached skill level 4 in Conjurations
   193 | D:1      | Reached XP level 2. HP: 6/19 MP: 0/5
   196 | D:1      | Learned a level 2 spell: Searing Ray
   513 | D:1      | Reached XP level 3. HP: 24/24 MP: 0/6
  1250 | D:2      | Reached XP level 4. HP: 29/30 MP: 4/7
  1252 | D:2      | Reached skill level 5 in Conjurations
  1417 | D:2      | HP: 1/30 [frilled lizard (1)]
  1421 | D:2      | Slain by a frilled lizard

Illustrated notes

Levels and vault maps discovered:
D:1:      dpeg_arrival_pond, layout_rooms
D:2:      layout_loops_ring

Skill      XL: |  1  2  3  4 |
---------------+-------------+-----
Conjurations   | 4 5 |  5.1
Dodging        | |  1.7
Stealth        | |  2.4
Spellcasting   | |  2.1

Action                   |  1- 3 |  4- 6 || total
-------------------------+-------+-------++-------
Melee: Unarmed           |     3 |       ||     3
       Spear             |     2 |       ||     2
       Long sword        |    14 |    18 ||    32
 Cast: Magic Dart        |    45 |       ||    45
       Searing Ray       |     6 |     1 ||     7
  Use: Potion            |     2 |       ||     2
Armor: Robe              |     5 |    32 ||    37
Dodge: Dodged            |    20 |    82 ||   102
